MLB
TEXAS RANGERS @ SEATTLE MARINERS
05/09/2099
 
TOP OF THE 1ST
Texas Rangers batting - Pitching for Seattle Mariners : LHP Aaron Doyle
Pitching: LHP Aaron Doyle
Batting: RHB Jason Hartel 0-0: Ball
1-0: SINGLE (Line Drive, 9S, EV 98.8 MPH)
Batting: RHB Chris Patrick 0-0: Reached on error, E8 (Flyball, 8RD, EV 97.5 MPH)
Jason Hartel to second
Batting: RHB Travis Huffman 0-0: Foul Ball, location: 9LSF
0-1: Swinging Strike
0-2: Ball
1-2: Strikes out swinging
Batting: LHB Simeone DeVito 0-0: Ball
Wild Pitch!
Jason Hartel to third
Chris Patrick to second
1-0: Ball
2-0: Swinging Strike
2-1: Ball
3-1: Base on Balls
Batting: RHB Kevin Hock 0-0: Ball
1-0: Foul Ball, location: 5F
1-1: Fly out, F8 (Flyball, 8LS, EV 95.6 MPH)
Batting: RHB Jose Cano 0-0: Foul Ball, location: 3FF
0-1: Called Strike
0-2: Strikes out swinging
Top of the 1st over - 0 runs, 1 hit, 1 error, 3 left on base; Texas 0 - Seattle 0
BOTTOM OF THE 1ST
Seattle Mariners batting - Pitching for Texas Rangers : RHP Ryan Kohn
Pitching: RHP Ryan Kohn
Batting: RHB Kenny Dahl 0-0: Ball
1-0: Called Strike
1-1: Ball
2-1: Ball
3-1: Foul Ball, location: 3F
3-2: Strikes out swinging
Batting: LHB Omar Perez 0-0: Foul Ball, location: 23F
0-1: Ball
1-1: Foul Ball, location: 7LMF
1-2: Foul Ball, location: 7LDF
1-2: Fly out, F9 (Flyball, 9LM, EV 98.8 MPH)
Batting: SHB John Brownfield 0-0: Hit by Pitch
Batting: LHB Keith Bundy 0-0: Fly out, F8 (Flyball, 8LXD, EV 106.3 MPH)
Bottom of the 1st over - 0 runs, 0 hits, 0 errors, 1 left on base; Texas 0 - Seattle 0
TOP OF THE 2ND
Texas Rangers batting - Pitching for Seattle Mariners : LHP Aaron Doyle
Batting: SHB Luis Chavez 0-0: Swinging Strike
0-1: Swinging Strike
0-2: Ground out 4-3 (Groundball, 34, EV 96.9 MPH)
Pitching: RHP Tom Kingman
Batting: LHB Scott Spencer 0-0: Ball
1-0: Called Strike
1-1: Swinging Strike
1-2: SINGLE (Groundball, 4D, EV 110.6 MPH)
Batting: RHB Raul Camacho 0-0: Foul Ball, location: 3DF
0-1: Swinging Strike
0-2: Ball
1-2: Foul Ball, location: 3F
1-2: Fly out, F3 (Popup, 23F, EV 86.9 MPH)
Batting: RHB Jason Hartel 0-0: Called Strike
0-1: Ball
1-1: Fly out, F8 (Flyball, 8RD, EV 92.5 MPH)
Top of the 2nd over - 0 runs, 1 hit, 0 errors, 1 left on base; Texas 0 - Seattle 0
BOTTOM OF THE 2ND
Seattle Mariners batting - Pitching for Texas Rangers : RHP Ryan Kohn
Batting: RHB Jonathan Becktell 0-0: Foul Ball, location: 9LMF
0-1: Swinging Strike
0-2: Ball
1-2: Strikes out swinging
Batting: LHB Tim Larsen 0-0: Ball
1-0: Foul Ball, location: 7LSF
1-1: Foul Ball, location: 23FF
1-2: Ball
2-2: SOLO HOME RUN (Flyball, 7LD, EV 93.1 MPH), Distance : 335 ft
Batting: RHB Jaime Callahan 0-0: Called Strike
0-1: Reached on error, E5 (Groundball, 56S, EV 87.5 MPH)
Batting: LHB Jon Garza 0-0: Called Strike
0-1: Foul Ball, location: 2F
0-2: Strikes out swinging
Batting: RHB Anton Ortega 0-0: Fly out, F7 (Flyball, 7D, EV 86.9 MPH)
Bottom of the 2nd over - 1 run, 1 hit, 1 error, 1 left on base; Texas 0 - Seattle 1
TOP OF THE 3RD
Texas Rangers batting - Pitching for Seattle Mariners : RHP Tom Kingman
Batting: RHB Chris Patrick 0-0: Called Strike
0-1: Swinging Strike
0-2: Foul Ball, location: 25FF
0-2: Strikes out swinging
Batting: RHB Travis Huffman 0-0: Called Strike
0-1: Swinging Strike
0-2: SOLO HOME RUN (Flyball, 9D, EV 96.9 MPH), Distance : 380 ft
Batting: LHB Simeone DeVito 0-0: Ball
1-0: Ball
2-0: Called Strike
2-1: Foul Ball, location: 5F
2-2: Ball
3-2: Strikes out swinging
Batting: RHB Kevin Hock 0-0: Ball
1-0: Foul Ball, location: 2F
1-1: Foul Ball, location: 2F
1-2: Strikes out looking
Top of the 3rd over - 1 run, 1 hit, 0 errors, 0 left on base; Texas 1 - Seattle 1
BOTTOM OF THE 3RD
Seattle Mariners batting - Pitching for Texas Rangers : RHP Ryan Kohn
Batting: RHB Kenny Dahl 0-0: Called Strike
0-1: Swinging Strike
0-2: Strikes out looking
Batting: LHB Omar Perez 0-0: Ball
1-0: Ground out U3 (Groundball, 3, EV 88.8 MPH)
Batting: SHB John Brownfield 0-0: Ball
1-0: Foul Ball, location: 7LDF
1-1: Ground out U3 (Groundball, 3, EV 108.1 MPH)
Bottom of the 3rd over - 0 runs, 0 hits, 0 errors, 0 left on base; Texas 1 - Seattle 1
TOP OF THE 4TH
Texas Rangers batting - Pitching for Seattle Mariners : RHP Tom Kingman
Batting: RHB Jose Cano 0-0: Ball
1-0: Ball
2-0: Called Strike
2-1: Ground out 5-3 (Groundball, 56S, EV 66.3 MPH)
Batting: SHB Luis Chavez 0-0: Swinging Strike
0-1: Ball
1-1: Ball
2-1: Reached on error, E4 (Groundball, 4, EV 84.4 MPH)
Batting: LHB Scott Spencer 0-0: Ball
1-0: Fielders Choice at 2nd, 4-6 (Groundball, 34, EV 86.9 MPH)
Pitching: RHP Mike Hartnagel
Batting: RHB Raul Camacho 0-0: Fly out, F4 (Popup, 4, EV 53.8 MPH)
Top of the 4th over - 0 runs, 0 hits, 1 error, 1 left on base; Texas 1 - Seattle 1
BOTTOM OF THE 4TH
Seattle Mariners batting - Pitching for Texas Rangers : RHP Ryan Kohn
Batting: LHB Keith Bundy 0-0: Called Strike
0-1: Ground out 4-3 (Groundball, 4, EV 85.0 MPH)
Batting: RHB Jonathan Becktell 0-0: Called Strike
0-1: Called Strike
0-2: Ball
1-2: Ball
2-2: Foul Ball, location: 3SF
2-2: Foul Ball, location: 2F
2-2: Foul Ball, location: 5F
2-2: Ball
3-2: SINGLE (Groundball, 6MD, EV 110.0 MPH)
Batting: LHB Tim Larsen 0-0: Ball
1-0: Called Strike
1-1: Ball
2-1: Foul Ball, location: 2F
2-2: Foul Ball, location: 7LMF
2-2: 2-RUN HOME RUN (Flyball, 9D, EV 104.4 MPH), Distance : 391 ft
Batting: RHB Jaime Callahan 0-0: Ball
1-0: Ball
2-0: Called Strike
2-1: Called Strike
2-2: Foul Ball, location: 9LSF
2-2: Ball
3-2: Strikes out swinging
Batting: LHB Jon Garza 0-0: Called Strike
0-1: Ball
1-1: Ball
2-1: Ball
3-1: Swinging Strike
3-2: Strikes out looking
Bottom of the 4th over - 2 runs, 2 hits, 0 errors, 0 left on base; Texas 1 - Seattle 3
TOP OF THE 5TH
Texas Rangers batting - Pitching for Seattle Mariners : RHP Mike Hartnagel
Batting: RHB Jason Hartel 0-0: Called Strike
0-1: Swinging Strike
0-2: Ball
1-2: Ball
2-2: Strikes out swinging
Batting: RHB Chris Patrick 0-0: Foul Ball, location: 2F
0-1: Called Strike
0-2: SINGLE (Groundball, 56, EV 100.0 MPH) (infield hit)
Batting: RHB Travis Huffman 0-0: Foul Ball, location: 9LMF
0-1: Ball
1-1: Called Strike
1-2: Ball
2-2: Ball
3-2: Fly out, F8 (Flyball, 89S, EV 90.0 MPH)
Batting: LHB Simeone DeVito 0-0: Foul Ball, location: 9LDF
0-1: Ball
1-1: Called Strike
1-2: Ball
2-2: Fly out, F8 (Flyball, 8RM, EV 92.5 MPH)
Top of the 5th over - 0 runs, 1 hit, 0 errors, 1 left on base; Texas 1 - Seattle 3
BOTTOM OF THE 5TH
Seattle Mariners batting - Pitching for Texas Rangers : RHP Ryan Kohn
Batting: RHB Anton Ortega 0-0: Called Strike
0-1: Ball
1-1: Foul Ball, location: 3F
1-2: SINGLE (Groundball, 34D, EV 98.1 MPH)
Batting: RHB Kenny Dahl 0-0: Ball
1-0: Called Strike
Anton Ortega steals 2nd base
1-1: Ball
2-1: Ground out U3 (Groundball, 34, EV 81.3 MPH)
Anton Ortega to third
Batting: LHB Omar Perez 0-0: Ball
1-0: Ball
2-0: Fielders Choice at home, 4-2 (Groundball, 4, EV 105.6 MPH)
Batting: SHB John Brownfield 0-0: Ball
1-0: Ball
2-0: Foul Ball, location: 7LDF
2-1: SINGLE (Line Drive, 7S, EV 104.4 MPH)
Omar Perez to second
Batting: LHB Keith Bundy 0-0: Ball
1-0: Ground out 1-3 (Groundball, 13, EV 66.3 MPH)
Bottom of the 5th over - 0 runs, 2 hits, 0 errors, 2 left on base; Texas 1 - Seattle 3
TOP OF THE 6TH
Texas Rangers batting - Pitching for Seattle Mariners : RHP Mike Hartnagel
Batting: RHB Kevin Hock 0-0: Ball
1-0: Fly out, F9 (Flyball, 9LM, EV 96.3 MPH)
Batting: RHB Jose Cano 0-0: Foul Ball, location: 5DF
0-1: Ball
1-1: Ball
2-1: Swinging Strike
2-2: Strikes out swinging
Batting: SHB Luis Chavez 0-0: SINGLE (Flyball, 6D, EV 98.8 MPH)
Pitching: RHP Danny Enriquez
Batting: LHB Scott Spencer 0-0: Called Strike
Luis Chavez steals 2nd, throwing error, E2
Luis Chavez to third
0-1: Foul Ball, location: 2F
0-2: Foul Ball, location: 2F
0-2: Ball
1-2: Strikes out swinging
Top of the 6th over - 0 runs, 1 hit, 1 error, 1 left on base; Texas 1 - Seattle 3
BOTTOM OF THE 6TH
Seattle Mariners batting - Pitching for Texas Rangers : RHP Ryan Kohn
Batting: RHB Jonathan Becktell 0-0: Called Strike
0-1: Foul Ball, location: 2F
0-2: Ball
1-2: Hit by Pitch
Batting: LHB Tim Larsen 0-0: Ball
1-0: Foul Ball, location: 2F
1-1: Foul Ball, location: 7LDF
1-2: Foul Ball, location: 2F
1-2: Strikes out swinging
Batting: RHB Jaime Callahan 0-0: Ball
1-0: Swinging Strike
1-1: Fly out, F3 (Popup, 3SF, EV 66.3 MPH)
Batting: LHB Jon Garza 0-0: Swinging Strike
0-1: Ball
1-1: DOUBLE (Groundball, 3L, EV 102.5 MPH)
Jonathan Becktell to third
Runner from 3rd tries for Home, SAFE, throw by RF to trailing runner, SAFE at third!
Batting: RHB Anton Ortega 0-0: Ball
1-0: Ball
2-0: Called Strike
2-1: Ball
3-1: Base on Balls
Batting: RHB Kenny Dahl 0-0: Called Strike
0-1: Called Strike
0-2: Ball
1-2: Fly out, F3 (Popup, 3SF, EV 71.3 MPH)
Bottom of the 6th over - 1 run, 1 hit, 0 errors, 2 left on base; Texas 1 - Seattle 4
TOP OF THE 7TH
Texas Rangers batting - Pitching for Seattle Mariners : RHP Danny Enriquez
Batting: RHB Raul Camacho 0-0: Ground out 6-3 (Groundball, 6, EV 86.9 MPH)
Batting: RHB Jason Hartel 0-0: Foul Ball, location: 2F
0-1: Called Strike
0-2: Ground out U3 (Groundball, 3, EV 86.9 MPH)
Batting: RHB Chris Patrick 0-0: Swinging Strike
0-1: Called Strike
0-2: Ball
1-2: Ball
2-2: Ball
3-2: Base on Balls
Batting: RHB Travis Huffman 0-0: Called Strike
0-1: Foul Ball, location: 2F
0-2: Strikes out swinging
Top of the 7th over - 0 runs, 0 hits, 0 errors, 1 left on base; Texas 1 - Seattle 4
BOTTOM OF THE 7TH
Seattle Mariners batting - Pitching for Texas Rangers : RHP Ryan Kohn
Pitching: RHP Victor Luna
Batting: LHB Omar Perez 0-0: Ball
1-0: Foul Ball, location: 7LSF
1-1: Ball
2-1: Ground out 6-3 (Groundball, 6, EV 105.0 MPH)
Batting: SHB John Brownfield 0-0: Swinging Strike
0-1: Fly out, F8 (Flyball, 8RXD, EV 111.9 MPH)
Batting: LHB Keith Bundy 0-0: SINGLE (Line Drive, 8LS, EV 108.8 MPH)
Batting: RHB Jonathan Becktell 0-0: Ball
1-0: Swinging Strike
1-1: Fielders Choice at 2nd, 6-4 (Groundball, 6, EV 87.5 MPH)
Bottom of the 7th over - 0 runs, 1 hit, 0 errors, 1 left on base; Texas 1 - Seattle 4
TOP OF THE 8TH
Texas Rangers batting - Pitching for Seattle Mariners : RHP Danny Enriquez
Batting: LHB Simeone DeVito 0-0: Foul Ball, location: 7LMF
0-1: Ball
1-1: Fly out, F7 (Flyball, 7, EV 88.1 MPH)
Pinch Hitting: LHB Nick Gunnels 0-0: Ball
1-0: Ball
2-0: Ball
3-0: Foul Ball, location: 7LDF
3-1: Fly out, F7 (Flyball, 7D, EV 101.9 MPH)
Batting: RHB Jose Cano 0-0: Called Strike
0-1: Ball
1-1: Fly out, F9 (Flyball, 9, EV 93.1 MPH)
Top of the 8th over - 0 runs, 0 hits, 0 errors, 0 left on base; Texas 1 - Seattle 4
BOTTOM OF THE 8TH
Seattle Mariners batting - Pitching for Texas Rangers : RHP Victor Luna
Now in LF: Nick Gunnels
Batting: LHB Tim Larsen 0-0: Called Strike
0-1: Foul Ball, location: 3FF
0-2: Ball
1-2: Ball
2-2: Ball
3-2: Base on Balls
Batting: RHB Jaime Callahan 0-0: Ball
1-0: Fly out, F9 (Line Drive, 9, EV 98.1 MPH)
Batting: LHB Jon Garza 0-0: Called Strike
0-1: Swinging Strike
0-2: Strikes out swinging
Batting: RHB Anton Ortega 0-0: Ball
1-0: Ground out 1-3 (Groundball, P, EV 70.0 MPH)
Bottom of the 8th over - 0 runs, 0 hits, 0 errors, 1 left on base; Texas 1 - Seattle 4
TOP OF THE 9TH
Texas Rangers batting - Pitching for Seattle Mariners : RHP Danny Enriquez
Pitching: RHP Tony Soto
Batting: SHB Luis Chavez 0-0: Ball
1-0: Foul Ball, location: 9LDF
1-1: Ball
2-1: Foul Ball, location: 7LSF
2-2: Ground out 4-3 (Groundball, 4, EV 90.6 MPH)
Batting: LHB Scott Spencer 0-0: Called Strike
0-1: Ball
1-1: Ball
2-1: Ground out U3 (Groundball, 3, EV 103.8 MPH)
Pinch Hitting: LHB Charlie Gagne 0-0: Ball
1-0: Foul Ball, location: 3F
1-1: Ground out 1-3 (Groundball, 15S, EV 63.8 MPH)
Top of the 9th over - 0 runs, 0 hits, 0 errors, 0 left on base; Texas 1 - Seattle 4
Thursday, May 2nd , 2024 - OOTP Baseball 24.11 Build 85